 Dungeon Crawl Stone Soup version 0.25.1-9-gc5326a611f (webtiles) character file.

Game seed: 690940901217865928

478 modus the Cudgeler (level 6, -1/91 HPs)
             Began as a Troll Berserker on Dec 25, 2020.
             Was a Priest of Trog.
             Slain by Edmund
             ... wielding a +1 flail of holy wrath
              (4 damage)
             ... on level 5 of the Dungeon on Dec 31, 2020.
             The game lasted 00:14:22 (3573 turns).

modus the Cudgeler (Troll Berserker)                Turns: 3573, Time: 00:14:23

Health: -1/91      AC:  6    Str: 28    XL:     6   Next: 85%
Magic:  5/5        EV: 11    Int:  3    God:    Trog [***...]
Gold:   259        SH:  0    Dex:  9    Spells: 5/5 levels left

rFire    . . .     SeeInvis .   a - +0 mace
rCold    . . .     Gourm    +   (no shield)
rNeg     . . .     Faith    .   b - +0 animal skin
rPois    .         Spirit   .   (helmet restricted)
rElec    .         Reflect  .   (no cloak)
rCorr    .         Harm     .   (gloves unavailable)
MR       .....                  (boots unavailable)
Stlth    ..........             (no amulet)
HPRegen  0.65/turn              (no ring)
MPRegen  0.09/turn              (no ring)

@: berserking (expiring), very quick
A: large, unfitting armour, claws 3, fast metabolism 3, gourmand, regeneration
1, shaggy fur 1, tough skin 3
a: Berserk, Trog's Hand, Renounce Religion


You were on level 5 of the Dungeon.
You worshipped Trog.
Trog was most pleased with you.
You were very full.

You visited 1 branch of the dungeon, and saw 5 of its levels.

You collected 313 gold pieces.
You spent 54 gold pieces at shops.

Inventory:

Hand Weapons
 a - a +0 mace (weapon)
Armour
 b - a +0 animal skin (worn)
 u - a +0 robe
Jewellery
 m - a +4 ring of protection {unknown}
 q - an uncursed ring of ice
 s - an uncursed ring of protection from fire
Scrolls
 h - 4 scrolls of immolation {unknown}
 i - 3 scrolls of identify
 k - a scroll of teleportation
 o - 5 scrolls of remove curse {unknown}
 r - 2 scrolls of amnesia {unknown}
Potions
 d - 2 potions of curing {unknown}
 e - a potion of haste {unknown}
 f - a potion of brilliance {unknown}
 g - a potion of berserk rage
 j - 2 potions of heal wounds
 p - a potion of cancellation {unknown}
 t - a potion of experience {unknown}
Comestibles
 c - 7 rations


   Skills:
 + Level 3.6 Fighting
 + Level 5.4 Maces & Flails
 + Level 3.8 Dodging
 + Level 0.3 Stealth


You had 5 spell levels left.
You didn't know any spells.
Your spell library was empty.

Dungeon Overview and Level Annotations

Branches:
Dungeon (5/15)
 Temple: D:4-7

Altars:
Cheibriados
Dithmenos
Elyvilon
Qazlal
Ru

Shops:
D:4 *

Annotations:
D:5 Edmund


Innate Abilities, Weirdness & Mutations

You are too large for most types of armour.
You have claws for hands.
Your metabolism is lightning-fast.
You like to eat raw meat.
Your natural rate of healing is unusually fast.
You are covered in fur. (AC +1)
You have extremely tough skin. (AC +3)


Message History

The bullfrog skeleton closely misses you.
You barely miss the bullfrog skeleton.
The bullfrog skeleton is almost destroyed.
The centaur hits you but does no damage.
The adder barely misses you.
Edmund clears his throat.
You barely miss Edmund. The centaur hits you.
* * * LOW HITPOINT WARNING * * *
The adder barely misses you.
The centaur hits you but does no damage.
You closely miss Edmund. The adder bites you but does no damage.
The centaur barely misses you. Edmund closely misses you.
You thump Edmund!
Edmund is moderately wounded.
The adder barely misses you. The centaur misses you.
You completely miss Edmund.
Edmund is moderately wounded.
The adder misses you. The centaur barely misses you.
Edmund hits you with a +1 flail of holy wrath.
You die...

#. ### ##.. ...
....###.#
........# #
........# .#
........##.##
......S.....#
#..Z@@.# .
#...c#(###....
......Z#<.......
%......#########
(...... ......#
...... ...#..


You could see Edmund, a centaur, an adder and 2 bullfrog skeletons.

Vanquished Creatures
  3 orc priests
  A hound (D:4)
  Ijyb (D:5)
  2 orc wizards
  4 worker ants (D:4)
  2 hound skeletons (D:4)
  7 adders
  2 oozes
  An adder skeleton (D:3)
  2 dart slugs (D:2)
  10 orcs
  8 bats
  6 giant cockroaches
  8 goblins
  6 hobgoblins
  3 jackals (D:1)
  6 kobolds
  A quokka (D:3)
  A ball python (D:1)
  8 frilled lizards
  5 rats
87 creatures vanquished.

Vanquished Creatures (others)
  5 toadstools (D:1)
5 creatures vanquished.

Grand Total: 92 creatures vanquished

Notes
Turn   | Place    | Note
-------+----------+-------------------------------------------
     0 | D:1      | modus the Troll Berserker began the quest for the Orb.
     0 | D:1      | Reached XP level 1. HP: 22/22 MP: 0/0
   188 | D:1      | Reached skill level 3 in Maces & Flails
   188 | D:1      | Reached XP level 2. HP: 14/29 MP: 1/1
   466 | D:1      | Reached ** piety under Trog
   998 | D:2      | Found a white marble altar of Elyvilon.
  1005 | D:2      | Reached XP level 3. HP: 36/36 MP: 2/2
  1434 | D:2      | Found a sacrificial altar of Ru.
  1499 | D:2      | Reached XP level 4. HP: 43/44 MP: 3/3
  1514 | D:2      | Found a stormy altar of Qazlal.
  2119 | D:3      | Reached *** piety under Trog
  2119 | D:3      | Reached skill level 4 in Maces & Flails
  2125 | D:3      | Reached XP level 5. HP: 26/53 MP: 4/4
  2509 | D:3      | Found a shadowy altar of Dithmenos.
  2509 | D:3      | Found a snail-covered altar of Cheibriados.
  2655 | D:4      | Found Hipseoda's Assorted Antiques.
  2690 | D:4      | Reached XP level 6. HP: 56/61 MP: 5/5
  2702 | D:4      | Bought a scroll of identify for 54 gold pieces
  3048 | D:4      | Reached skill level 5 in Maces & Flails
  3552 | D:5      | Entered Level 5 of the Dungeon
  3552 | D:5      | Noticed Ijyb
  3555 | D:5      | Noticed Edmund
  3565 | D:5      | Killed Ijyb
  3570 | D:5      | HP: 2/91 [centaur (5)]
  3573 | D:5      | Slain by Edmund

Illustrated notes

Levels and vault maps discovered:
D:1:      psy_arrival_radial02, layout_basic, skrybe_limestone_x,
          chequers_serial_rivers_micro_c, minmay_gold_behind_fungi,
          minmay_misc_feat_more_columns, minmay_tetromino_s2
D:2:      layout_basic, elyvilon_altar_5, marbit_many_paths,
          lemuel_coloured_pillars_altar, feat_on_display
D:3:      layout_rooms, gammafunk_temple_overflow_elements
D:4:      layout_loops_cross, first_ration, serial_shops, nicolae_shop_stone,
          serial_park_tiny_2
D:5:      layout_basic, minmay_temple_entry_butterflies, basic_altar, uniq_ijyb,
          uniq_edmund, uniq_pikel

Skill      XL: |  1  2  3  4  5  6 |
---------------+-------------------+-----
Maces & Flails | 3 4 5 |  5.4
Dodging        | 3 |  3.8
Fighting       | 3 |  3.6
Stealth        | |  0.3

Action                   |  1- 3 |  4- 6 || total
-------------------------+-------+-------++-------
Melee: Mace              |   166 |   220 ||   386
Invok: Berserk           |       |     2 ||     2
  Use: Scroll            |       |     9 ||     9
       Potion            |       |     1 ||     1
 Stab: Sleeping          |     1 |       ||     1
  Eat: Chunk             |    20 |    20 ||    40
Armor: Animal skin       |   102 |    70 ||   172
Dodge: Dodged            |   116 |   153 ||   269
